 Dungeon Crawl Stone Soup version 0.31-a0-79-g9ec6622867 (webtiles) character file.

Game seed: 6611353677800115747

2907 Colgate the Thaumaturge (level 10, -4/77 HPs)
             Began as a Meteoran Necromancer on May 24, 2023.
             Was a Believer of Sif Muna.
             Slain by a wyvern (10 damage)
             ... on level 10 of the Dungeon on May 25, 2023.
             The game lasted 00:45:47 (1998 turns).

Colgate the Thaumaturge (Meteoran Necromancer)      Turns: 1998, Time: 00:45:48

Health: -4/77      AC:  4    Str: 11    XL:     10   Next: 26%
Magic:  12/24      EV: 17    Int: 21    God:    Sif Muna [**....]
Gold:   91         SH:  5    Dex: 14    Spells: 12/27 levels left

rFire   . . .        a - +1 trident (flame)
rCold   . . .        (no shield)
rNeg    . . .        i - +0 robe
rPois   .            j - +0 helmet
rElec   .            (no cloak)
rCorr   .            h - +0 pair of gloves
SInv    .            (no boots)
Will    +....        l - amulet of reflection
Stlth   +            o - +5 ring of evasion
HPRegen 0.32/turn    (no ring)
MPRegen 0.19/turn

%: reflection
@: animating dead, very slightly contaminated, glowing
A: sense surroundings 2, otherworldly, glowing, explore regen
a: Renounce Religion, Channel Magic


You were on level 10 of the Dungeon.
You worshipped Sif Muna.
Sif Muna was pleased with you.
You visited 2 branches of the dungeon, and saw 11 of its levels.

You collected 91 gold pieces.

Inventory:

Hand Weapons
 a - a +1 trident of flaming (weapon)
Armour
 h - a +0 pair of gloves (worn)
 i - a +0 robe (worn)
 j - a +0 helmet (worn)
 z - an orb of light
Magical Staves
 b - a staff of fire
Jewellery
 l - an amulet of reflection (around neck)
 o - a +5 ring of evasion (left hand)
Wands
 q - a wand of polymorph (1)
Scrolls
 c - 2 scrolls of fog {unknown}
 g - a scroll of amnesia
 k - a scroll of enchant armour {unknown}
 n - 2 scrolls of vulnerability
 p - a scroll of immolation {unknown}
 v - a scroll of blinking {unknown}
 y - a scroll of silence {unknown}
Potions
 d - 3 potions of resistance {@q5}
 f - a potion of berserk rage {unknown}
 m - a potion of lignification {unknown}
 r - a potion of cancellation {unknown}
 s - a potion of attraction {unknown}
 t - a potion of enlightenment {unknown}
 u - a potion of curing {@q1}
 x - a potion of brilliance {unknown}
 A - a potion of heal wounds {unknown}


   Skills:
 - Level 3.3 Fighting
 - Level 2.4 Dodging
 - Level 1.4 Stealth
 - Level 9.1 Spellcasting
 - Level 7.6 Conjurations
 - Level 5.0 Necromancy
 - Level 1.4 Translocations
 + Level 8.8 Air Magic
 - Level 2.6 Evocations


You had 12 spell levels left.
You knew the following spells:

 Your Spells              Type           Power      Damage    Failure   Level
a - Necrotise             Necr           100%       1d9       1%          1
b - Vampiric Draining     Necr           30%        2d8       2%          3
c - Animate Dead          Necr           30%        N/A       9%          4
d - Blink                 Tloc           30%        N/A       6%          2
e - Arcjolt               Conj/Air       19%        1d29      11%         5

Your spell library contained the following spells:

 Spells                   Type           Power      Damage    Failure   Level
 Momentum Strike          Conj/Tloc      46%        3d9       2%          2
 Vhi's Electric Charge    Tloc/Air       52%        N/A       4%          3
 Lesser Beckoning         Tloc           30%        N/A       6%          2
 Slow                     Hex            36%        N/A       7%          1
 Confusing Touch          Hex            9%         N/A       22%         3
 Agony                    Necr           30%        N/A       26%         5
 Plasma Beam              Fire/Air       11%        2x1d24    96%         6


Dungeon Overview and Level Annotations

Branches:
Dungeon (10/15) Zot: 4083  Temple (1/1) D:4 Zot: 483
   Lair: D:8-11         Orc: D:9-12

Altars:
Ashenzari
Cheibriados
Dithmenos
Elyvilon
Fedhas
Gozag
Hepliaklqana
Kikubaaqudgha
Makhleb
Nemelex Xobeh
Okawaru
Ru
Sif Muna
Uskayaw
Vehumet
Wu Jian
Yredelemnul
Zin
The Shining One

Annotations:
D:6 3 runed translucent doors, PirateVox's ghost, novice TrMo


Innate Abilities, Weirdness & Mutations

You passively map the area around you.
You are easily found by Zot.
You glow in the dark.
You regain HP and MP as you explore.


Message History

You miscast Arcjolt.
You are very lightly contaminated with residual magic.
Nothing appears to happen.
The kobold brigand misses you.
Casting: Arcjolt (dangerous; 11% risk of failure)
You miscast Arcjolt.
Nothing appears to happen.
The kobold brigand hits you with a +0 club.
The kobold brigand hits you with a +2 dagger of protection!
The kobold hits you but does no damage.
Casting: Arcjolt (dangerous; 11% risk of failure) Electricity surges outward!
The kobold brigand is struck by an electric surge.
The kobold brigand is struck by an electric surge!
The kobold is struck by an electric surge!
You kill the kobold!
Sif Muna accepts your kill.
The wyvern is struck by an electric surge!
The dead are walking!
The kobold brigand closely misses you.
The kobold brigand hits you with a +2 dagger of protection.
The wyvern bites you!
Okay, then.
Casting: Arcjolt (dangerous; 11% risk of failure)
You don't have enough magic to cast this spell.
Magic courses through your body.
The kobold brigand hits you with a +2 dagger of protection.
The kobold brigand closely misses you. The wyvern bites you.
Casting: Arcjolt (dangerous; 11% risk of failure) Arcjolt might hit your kobold zombie.
Cast it anyway?
Electricity surges outward!
The kobold brigand is struck by an electric surge!!
The kobold brigand is struck by an electric surge!
The wyvern is struck by an electric surge.
Your kobold zombie is struck by an electric surge!!
You destroy your kobold zombie!
The wyvern bites you!!
* * * LOW HITPOINT WARNING * * *
The kobold brigand hits you with a +2 dagger of protection!
* * * LOW HITPOINT WARNING * * *
The kobold brigand hits you but does no damage.
The wyvern bites you!
You die...

#.........*
,,,,
#........,
* * ,
....... *
*, , *,
...5 *
#[##* * ,
#.[# **,
##[# ,
###l##### ,
, #.K@K...#
, , ,
#.......+ *
, , ,
#.......# ,
, #.......#
#.......#
*, ,
######### ,
, ,, , * ,
, , **


You could see a wyvern and 2 kobold brigands.

Vanquished Creatures
  A two-headed ogre (D:9)
  4 kobold demonologists (D:10)
  An ice beast (D:7)
  An ogre (D:6)
  2 bullfrogs (D:6)
  5 killer bees (D:8)
  A howler monkey (D:8)
  A hound (D:6)
  An orc priest (D:6)
  Jessica (D:3)
  An orc wizard (D:8)
  Robin (D:3)
  3 gnolls (D:3)
  5 adders
  An ufetubus (D:6)
  A worm (D:3)
  3 dart slugs (D:1)
  5 orcs
  5 endoplasms
  4 giant cockroaches
  13 goblins
  3 hobgoblins (D:3)
  10 jackals (D:1)
  7 kobolds
  A quokka (D:2)
  2 ball pythons
  A bat (D:1)
  A frilled lizard (D:1)
  A kobold zombie (D:10)
  5 rats
91 creatures vanquished.

Vanquished Creatures (collateral kills)
  A kobold demonologist (D:10)
  An ice beast (D:6)
  A centaur (D:6)
  An iguana (D:6)
  A gnoll (D:3)
  3 orcs (D:6)
  A bat (D:1)
  A goblin (D:3)
  A jackal (D:1)
  A ball python (D:1)
12 creatures vanquished.

Vanquished Creatures (others)
  A bullfrog zombie (D:6)
  A kobold zombie (D:10)
  A killer bee zombie (D:8)
  An orc zombie (D:8)
4 creatures vanquished.

Grand Total: 107 creatures vanquished

Notes
Turn   | Place    | Note
-------+----------+-------------------------------------------
     0 | D:1      | Colgate the Meteoran Necromancer began the quest for the
                  | Orb.
     0 | D:1      | Reached XP level 1. HP: 14/14 MP: 5/5
    45 | D:1      | Reached XP level 2. HP: 20/20 MP: 3/6
    65 | D:1      | Reached skill level 5 in Necromancy
    99 | D:1      | Reached skill level 3 in Spellcasting
   105 | D:1      | Reached XP level 3. HP: 21/26 MP: 1/8
   170 | D:1      | Learned a level 3 spell: Vampiric Draining
   313 | D:2      | Reached skill level 4 in Spellcasting
   375 | D:2      | Reached XP level 4. HP: 33/33 MP: 9/11
   448 | D:1      | Learned a level 4 spell: Animate Dead
   729 | D:3      | Found an opulent altar of Gozag.
   729 | D:3      | Found a shimmering blue altar of Sif Muna.
   734 | D:3      | Became a worshipper of Sif Muna the Loreminder
   785 | D:3      | Reached skill level 5 in Spellcasting
   785 | D:3      | Reached XP level 5. HP: 38/38 MP: 7/13
   862 | D:3      | Noticed Robin
   909 | D:3      | Killed Robin
   910 | D:3      | Reached skill level 6 in Spellcasting
   937 | D:3      | Noticed Jessica
   945 | D:3      | Reached XP level 6. HP: 46/46 MP: 6/16
   952 | D:3      | Killed Jessica
   953 | D:3      | Reached skill level 1 in Fighting
   956 | D:3      | Reached * piety under Sif Muna
  1050 | D:5      | Entered Level 5 of the Dungeon
  1050 | D:5      | Noticed a two-headed ogre
  1079 | D:4      | Found a staircase to the Ecumenical Temple.
  1084 | Temple   | Entered the Ecumenical Temple
  1255 | D:4      | Found a snail-covered altar of Cheibriados.
  1255 | D:4      | Found a blossoming altar of Fedhas.
  1506 | D:6      | Noticed an orc warrior
  1507 | D:6      | Found a runed translucent gate.
  1507 | D:6      | Noticed PirateVox's ghost (novice TrMo)
  1508 | D:6      | Found a runed translucent gate.
  1509 | D:6      | Found a runed translucent gate.
  1510 | D:6      | Noticed an orc warrior
  1511 | D:6      | Identified the +0 plate armour of Heceos {Harm rC+++ Str+4
                  | Int-5 Stlth-}
  1511 | D:6      | Noticed an orc warrior
  1572 | D:6      | Learned a level 2 spell: Blink
  1585 | D:6      | Reached skill level 1 in Translocations
  1597 | D:6      | Reached XP level 7. HP: 57/57 MP: 13/17
  1618 | D:6      | Reached skill level 7 in Spellcasting
  1630 | D:6      | Reached skill level 8 in Spellcasting
  1633 | D:6      | Reached skill level 1 in Evocations
  1633 | D:6      | Reached XP level 8. HP: 33/63 MP: 5/21
  1741 | D:8      | Reached skill level 9 in Spellcasting
  1743 | D:8      | Reached skill level 1 in Air Magic
  1877 | D:9      | Noticed a two-headed ogre
  1883 | D:9      | Killed a two-headed ogre
  1884 | D:9      | Gained mutation: You passively map the area around you.
                  | [Meteoran growth]
  1884 | D:9      | Reached XP level 9. HP: 70/70 MP: 23/23
  1912 | D:10     | Entered Level 10 of the Dungeon
  1917 | D:10     | Noticed a kobold demonologist
  1917 | D:10     | Noticed a kobold demonologist
  1917 | D:10     | Noticed a kobold demonologist
  1917 | D:10     | Noticed a kobold demonologist
  1917 | D:10     | Noticed a kobold demonologist
  1918 | D:10     | Noticed a red devil
  1920 | D:10     | Noticed a rust devil
  1924 | D:10     | Noticed a red devil
  1930 | D:10     | Noticed a hellwing
  1934 | D:10     | Noticed an ice devil
  1934 | D:10     | Killed a kobold demonologist
  1939 | D:10     | Noticed a hellwing
  1939 | D:10     | Noticed a smoke demon
  1940 | D:10     | Killed a kobold demonologist
  1940 | D:10     | Reached ** piety under Sif Muna
  1941 | D:10     | Reached skill level 5 in Conjurations
  1950 | D:10     | Killed a kobold demonologist
  1951 | D:10     | Reached XP level 10. HP: 76/77 MP: 24/24
  1953 | D:10     | Noticed an ice devil
  1954 | D:10     | Killed a kobold demonologist
  1981 | D:10     | Killed a kobold demonologist
  1991 | D:9      | Learned a level 5 spell: Arcjolt
  1998 | D:10     | Slain by a wyvern

Illustrated notes

Levels and vault maps discovered:
D:1:      minmay_arrival_stone_box, layout_rooms, nicolae_figureground_pulse
D:2:      layout_loops_ring
D:3:      layout_rooms, nicolae_overflow_two_pavilions, dk_noncrumbling_2,
          kennysheep_generic_room_12, uniq_robin, uniq_jessica
D:4:      layout_loops_corners, gammafunk_temple_overflow_elements,
          temple_statues, minivault_25
D:5:      layout_basic, minivault_4, minmay_misc_feat_cross, chequers_arboretum,
          nrook_mini_backslash
D:6:      layout_basic, biasface_ghost_orc_armoury, minmay_misc_feat_iff
D:7:      layout_loops_cross, nicolae_qazlal_scattered_showers, minivault_22
D:8:      layout_basic, kennysheep_doodads, uniq_maggie
D:9:      layout_roguey
D:10:     layout_roguey, nicolae_xom_altar_mimics, tgw_trog, dpeg_oklobed_lair
Temple:   minmay_freezing_vapour_temple

Skill      XL: |  1  2  3  4  5  6  7  8  9 10 |
---------------+-------------------------------+-----
Necromancy     | 5 |  5.0
Spellcasting   | 3 4 5 6 8 9 |  9.1
Fighting       | 3 |  3.3
Translocations | 1 |  1.4
Evocations     | 1 2 |  2.6
Air Magic      | 7 8 |  8.8
Conjurations   | 6 7 |  7.6
Dodging        | |  2.4
Stealth        | |  1.4

Action                     |  1- 3 |  4- 6 |  7- 9 | 10-12 || total
---------------------------+-------+-------+-------+-------++-------
  Melee: Unarmed           |     5 |       |       |       ||     5
         Staff             |    31 |     2 |       |       ||    33
         Punch             |     2 |       |       |       ||     2
         Flail             |       |    25 |     3 |       ||    28
         Trident           |       |       |    43 |    24 ||    67
   Cast: Necrotise         |    43 |    84 |    32 |       ||   159
         Animate Dead      |       |     2 |     4 |     2 ||     8
         Vampiric Draining |       |       |    16 |     2 ||    18
         Arcjolt           |       |       |       |     2 ||     2
  Evoke: Wand              |       |       |     7 |       ||     7
    Use: Scroll            |       |     2 |     4 |       ||     6
         Potion            |       |       |       |     1 ||     1
   Stab: Distracted        |     3 |     1 |       |     1 ||     5
 Armour: Robe              |    20 |     8 |     6 |     7 ||    41
  Dodge: Dodged            |    40 |    28 |    52 |    26 ||   146
  Block: Other             |       |    17 |    18 |     8 ||    43
         Reflection        |       |       |     1 |       ||     1

Table legend: (Time is in decaauts)
 A = Elapsed time spent in this place.
 B = Non-inter-level travel time spent in this place.
 C = Inter-level travel time spent in this place.
 D = Time resting spent in this place.
 E = Time spent auto-exploring this place.
 F = Levels seen in this place.
 G = Mean time per level.
                   A        B        C        D        E       F      G
               +--------+--------+--------+--------+--------+-----+--------+
         Total |   2032 |   2022 |     10 |    100 |    195 |  11 |  184.7 |
       Dungeon |   1915 |   1905 |     10 |      0 |    184 |  10 |  191.5 |
        Temple |    116 |    116 |      0 |    100 |     11 |   1 |  116.0 |
               +--------+--------+--------+--------+--------+-----+--------+

Top non-repeatable levels by time:
     D:1: 396 daAuts
     D:3: 350 daAuts
     D:4: 334 daAuts
     D:2: 252 daAuts
     D:6: 157 daAuts
  Temple: 116 daAuts
     D:8: 102 daAuts
     D:9: 102 daAuts
    D:10: 93 daAuts
     D:5: 63 daAuts
     D:7: 62 daAuts
